 Dungeon Crawl Stone Soup version 0.16.2-12-gd0ad4c3 (webtiles) character file.

77357 faibistes the Eclecticist (level 15, -9/91 HPs)
             Began as a Deep Elf Wizard on Jan 7, 2018.
             Was the Champion of Sif Muna.
             Hit by a large rock thrown by a stone giant (49 damage)
             ... on level 4 of the Orcish Mines.
             The game lasted 02:40:49 (46489 turns).

faibistes the Eclecticist (Deep Elf Wizard)        Turns: 46489, Time: 02:40:49

Health: -9/91      AC:  9    Str:  4    XL:     15   Next: 15%
Magic:  30/39      EV: 17    Int: 30    God:    Sif Muna [******]
Gold:   2167       SH:  0    Dex: 13    Spells: 12 memorised, 1 level left

rFire  . . .     SeeInvis .     w - +3 dagger (venom)
rCold  . . .     Clarity  .     x - +2 robe {MR+}
rNeg   . . .     SustAb   .     (no shield)
rPois  .         Gourm    .     p - +1 hat
rElec  .         Spirit   .     V - +1 cloak
rCorr  .         Warding  .     (no gloves)
rMut   .         Stasis   .     u - +1 pair of boots
MR     +++..                    (no amulet)
Stlth  +++.......               S - ring of protection from magic
                                s - ring of stealth

@: repel missiles, extremely resistant to hostile enchantments, fairly stealthy
A: no striking features
a: Channel Energy, Forget Spell, Renounce Religion


You were on level 4 of the Orcish Mines.
You worshipped Sif Muna.
Sif Muna was exalted by your worship.
You were not hungry.

You visited 4 branches of the dungeon, and saw 26 of its levels.
You also visited: Bailey.

You collected 2287 gold pieces.
You spent 120 gold pieces at shops.

Inventory:

Hand weapons
 w - a +3 dagger of venom (weapon)
 M - the +6 dire flail "Arbiter" {crush, Dex+5}
   (You found it on level 1 of the Lair of Beasts)

   It inflicts extra damage upon your enemies.
   It affects your dexterity (+5).
Armour
 p - a +1 hat (worn)
 u - a +1 pair of boots (worn)
 x - a +2 robe of magic resistance (worn)
 V - a +1 cloak (worn)
Magical staves
 c - an uncursed staff of death
 J - an uncursed staff of earth
Rods
 G - a -1 rod of clouds (10/10)
   (You found it on level 3 of the Lair of Beasts)
Jewellery
 s - a ring of stealth (left hand)
 S - a ring of protection from magic (right hand)
Magical devices
 a - a wand of enslavement (8)
 e - a wand of slowing (33)
 t - a wand of teleportation (2)
 z - a wand of teleportation (3)
 D - a wand of confusion (48)
 I - a wand of lightning (4)
 L - a wand of slowing (29)
 Q - a wand of teleportation (3)
 U - a wand of enslavement (10)
 Y - a wand of fire (2)
Scrolls
 b - 2 scrolls of identify
 h - 8 scrolls of remove curse
 i - 5 scrolls of immolation
 v - a scroll of teleportation
 y - 2 scrolls of recharging
 C - 4 scrolls of fog
 H - a scroll of holy word
 T - a scroll of blinking
 X - 3 scrolls of fear
Potions
 f - 3 potions of heal wounds
 g - 7 potions of curing
 j - 2 potions of cure mutation
 m - 2 potions of agility
 n - 2 potions of haste
 o - 3 potions of resistance
 A - 2 potions of lignification
 B - 3 potions of magic
 E - 2 potions of ambrosia
 F - a potion of flight
 K - a potion of cancellation {unknown}
 N - 4 potions of brilliance
 P - 2 potions of restore abilities
 W - 3 potions of invisibility
Miscellaneous
 Z - a sack of spiders
Comestibles
 d - 16 bread rations
 k - a royal jelly
 l - 10 meat rations
 q - 21 fruits
 r - 8 beef jerkies
 O - 2 slices of pizza


   Skills:
 + Level 9.4 Fighting
 - Level 10.1 Dodging
 - Level 2.4 Stealth
 * Level 15.9 Spellcasting
 * Level 8.4 Conjurations
 - Level 7.0 Charms
   Level 3.5 Summonings
 + Level 6.2 Translocations
 - Level 3.9 Transmutations
 * Level 8.8 Fire Magic
 - Level 5.0 Air Magic
 * Level 9.4 Earth Magic
 - Level 2.4 Poison Magic
 * Level 8.0 Invocations
 - Level 9.0 Evocations


You had one spell level left.
You knew the following spells:

 Your Spells              Type           Power        Failure   Level  Hunger
b - Conjure Flame         Conj/Fire      ######..     1%          3    None
d - Blink                 Tloc           N/A          1%          2    None
e - Mephitic Cloud        Conj/Pois/Air  ######..     1%          3    None
f - Repel Missiles        Chrm/Air       ######       1%          2    None
h - Passwall              Trmt/Erth      ######....   1%          3    None
i - Ignite Poison         Fire/Trmt      ######....   4%          5    None
j - Petrify               Trmt/Erth      ######..     1%          4    None
k - Swiftness             Chrm/Air       ######..     1%          2    None
l - Lee's Rapid Deconstr  Erth           ######....   1%          5    None
v - Bolt of Fire          Conj/Fire      ######....   10%         6    ###....
x - Force Lance           Conj/Tloc      ######..     1%          4    None
z - Fireball              Conj/Fire      ######....   1%          5    None


Dungeon Overview and Level Annotations

Branches:
Dungeon (13/15)            Temple (1/1) D:5            Lair (8/8) D:10
 Shoals (0/5) Lair:6        Snake (0/5) Lair:3        Slime (0/6) Lair:7
    Orc (4/4) D:12            Elf (0/3) Orc:4
 Vaults: D:13-14

Altars:
Ashenzari
Cheibriados
Dithmenos
Elyvilon
Fedhas
Gozag
Kikubaaqudgha
Makhleb
Nemelex Xobeh
Okawaru
Qazlal
Ru
Sif Muna
Trog
Vehumet
Xom
Yredelemnul
Zin
The Shining One
Beogh
Lugonu

Shops:
D:5 (   D:9 :   D:12 ?   Orc:3 %   Orc:4 =[

Annotations:
Lair:2 Maud


Message History

Confirm with . or Enter, or press ? or * to list all spells.
Aiming: Lee's Rapid Deconstruction
Press: ? - help, Dir - move target cursor The wall shatters!
The blast of rock fragments hits the stone giant.
The stone giant is moderately wounded.
The stone giant throws a large rock.
The large rock is repelled.
You see here a large rock.
Things that are here:
a trident of venom; an orc skeleton The orc wizard mumbles some strange words.
The orc wizard blinks!
You see here a whip.
Things that are here:
a dagger; an orc skeleton The orc wizard casts a spell.
The orc wizard blinks!
The stone giant throws a large rock.
The large rock hits you!!!
Ouch! That really hurt!
You die...

######################
.##..#..##.#..##.#...#..
........................
...............#..#......
....#............#######..
.................# ###
.........@.)[....# ..
................#.# #..
......o.[.).......# #..
..................# #..
.........).....#.# #..
................## #..
.........ยง.......## ##..
...#.....(.#......# ##...
...#....C.......#. ....#.


You could see a stone giant and an orc wizard.

Vanquished Creatures
  A very ugly thing (D:10)
  An ettin (Orc:4)
  4 catoblepae
  Harold (D:10)
  7 hydras
  Nessos (Orc:3)
  11 death yaks
  Nergalle (D:9)
  4 skeletal warriors
  Erolcha (D:10)
  A hill giant (D:10)
  An unseen horror (D:11)
  A wolf spider (Orc:2)
  2 orc knights (Bailey)
  A cyclops (Orc:4)
  11 elephants (Lair:8)
  An ugly thing (D:10)
  2 sirens (Lair:6)
  A manticore (D:10)
  2 black mambas
  An octopode (shapeshifter) (D:10)
  12 spiny frogs
  Joseph (D:8)
  2 gargoyles
  10 komodo dragons
  6 fire drakes
  A two-headed ogre (Orc:4)
  3 trolls
  2 merfolk (Lair:6)
  A trapdoor spider zombie (D:11)
  33 blink frogs
  3 basilisks
  2 redbacks (Orc:2)
  44 yaks
  A spriggan (D:7)
  A shadow (D:13)
  A deep elf mage (D:9)
  A trapdoor spider (D:11)
  A tarantella (Orc:2)
  A vampire (D:12)
  2 wraiths
  2 hungry ghosts
  11 hippogriffs
  Grum (Orc:4)
  A wyvern (D:10)
  2 nagas (Lair:3)
  A warg (Orc:3)
  23 wolves
  A steam dragon (D:11)
  A soldier ant (D:12)
  Menkaure (D:6)
  21 water moccasins
  27 orc warriors
  4 sky beasts
  9 porcupines
  8 phantoms
  2 black bears
  8 centaurs
  2 necrophages
  4 ice beasts
  9 ogres
  2 big kobolds
  24 giant frogs
  16 crocodiles
  4 scorpions
  20 killer bees
  9 wights
  6 electric eels (D:7)
  4 goliath beetles
  10 hounds
  3 jellies
  9 crimson imps
  2 human zombies (D:9)
  2 giant frog zombies
  19 orc priests
  Crazy Yiuf (D:3)
  8 iguanas
  3 centaur skeletons
  25 orc wizards
  4 giant frog skeletons
  9 worker ants
  4 human skeletons (D:9)
  3 hell rats
  48 sheep
  Jessica (D:3)
  A hound zombie (D:5)
  3 mummies
  A worker ant zombie (D:5)
  20 adders
  14 gnolls
  51 river rats
  3 shadow imps
  2 giant mites
  2 worms
  An adder zombie (D:6)
  An adder skeleton (D:6)
  5 giant geckos
  An ooze (D:1)
  169 orcs
  13 bats
  A bat skeleton (D:8)
  6 giant cockroaches
  19 goblins
  20 hobgoblins
  3 jackals (D:7)
  25 kobolds
  17 quokkas
  4 ball pythons
  10 giant newts
  2 giant spores
  2 orc zombies (D:9)
  28 rats
  5 ballistomycetes
  3 fungi (Lair:8)
  6 plants
996 creatures vanquished.

Vanquished Creatures (collateral kills)
  The ghost of faibistes the Thaumaturge, an experienced DEWz (D:7)
  A wasp (D:10)
  3 killer bees (D:10)
  An adder (D:2)
  An orc (D:10)
  A goblin (D:2)
8 creatures vanquished.

Vanquished Creatures (others)
  2 white imps (D:7)
  A giant spore (D:10)
  A ballistomycete (D:9)
  69 fungi
  24 plants
97 creatures vanquished.

Grand Total: 1101 creatures vanquished

Notes
Turn   | Place    | Note
--------------------------------------------------------------
     0 | D:1      | faibistes, the Deep Elf Wizard, began the quest for the Orb.
     0 | D:1      | Reached XP level 1. HP: 10/10 MP: 6/6
   408 | D:1      | Reached XP level 2. HP: 12/15 MP: 0/9
   415 | D:1      | Learned a level 2 spell: Blink
   418 | D:1      | Learned a level 2 spell: Call Imp
   743 | D:1      | Reached skill level 5 in Spellcasting
  1207 | D:1      | Reached XP level 3. HP: 19/19 MP: 12/14
  1212 | D:1      | Learned a level 3 spell: Conjure Flame
  1216 | D:1      | Learned a level 3 spell: Mephitic Cloud
  1448 | D:2      | Found a sacrificial altar of Ru.
  3039 | D:3      | Reached XP level 4. HP: 24/24 MP: 8/17
  3165 | D:3      | Learned a level 2 spell: Repel Missiles
  3446 | D:3      | Noticed Jessica
  3459 | D:3      | Killed Jessica
  3561 | D:3      | Noticed Crazy Yiuf
  3567 | D:3      | Killed Crazy Yiuf
  3567 | D:3      | Reached skill level 6 in Spellcasting
  3567 | D:3      | Reached XP level 5. HP: 28/28 MP: 10/20
  3672 | D:3      | Found a basalt altar of Yredelemnul.
  3789 | D:4      | Noticed an angel
  3814 | D:4      | Found a glowing silver altar of Zin.
  3815 | D:4      | Found a shimmering altar of Xom.
  3844 | D:4      | Noticed a phantom
  3881 | D:4      | Killed a phantom
  4127 | D:5      | Entered Level 5 of the Dungeon
  4261 | D:4      | Reached XP level 6. HP: 32/32 MP: 15/22
  4915 | D:5      | Reached skill level 7 in Spellcasting
  5001 | D:5      | Found a snail-covered altar of Cheibriados.
  5143 | D:5      | Found Claaz's Weapon Boutique.
  5216 | D:5      | Found an iron altar of Okawaru.
  5250 | D:5      | Reached XP level 7. HP: 37/37 MP: 16/25
  5320 | D:5      | Found a staircase to the Ecumenical Temple.
  5334 | Temple   | Entered the Ecumenical Temple
  5552 | D:5      | Noticed an orc warrior
  5576 | D:5      | Killed an orc warrior
  5576 | D:5      | Reached skill level 1 in Fighting
  5576 | D:5      | Reached skill level 1 in Evocations
  5702 | D:6      | Reached skill level 8 in Spellcasting
  5892 | D:5      | Reached skill level 5 in Dodging
  6290 | D:6      | Noticed a water moccasin
  6303 | D:6      | Killed a water moccasin
  6709 | D:6      | Reached XP level 8. HP: 45/45 MP: 16/28
  6874 | D:6      | Reached skill level 9 in Spellcasting
  6971 | D:7      | Noticed faibistes' ghost (experienced DEWz)
  7102 | D:6      | Noticed Menkaure
  7110 | D:6      | Killed Menkaure
  8414 | D:6      | Reached skill level 10 in Spellcasting
  9886 | D:7      | Reached XP level 9. HP: 52/52 MP: 11/30
 10801 | D:7      | Reached skill level 5 in Fighting
 11246 | D:7      | Reached skill level 5 in Evocations
 11334 | D:7      | Reached skill level 11 in Spellcasting
 11948 | D:7      | Killed faibistes' ghost
 12423 | D:7      | Found a stormy altar of Qazlal.
 12434 | D:7      | Learned a level 2 spell: Swiftness
 12440 | D:7      | Learned a level 5 spell: Lee's Rapid Deconstruction
 12732 | D:8      | Found an opulent altar of Gozag.
 12783 | D:8      | Found a shadowy altar of Dithmenos.
 12970 | D:9      | Reached XP level 10. HP: 52/60 MP: 30/32
 13502 | D:8      | Noticed Joseph
 13526 | D:8      | Killed Joseph
 13526 | D:8      | Reached skill level 12 in Spellcasting
 14929 | D:8      | Found a sparkling altar of Nemelex Xobeh.
 14937 | D:8      | Found a deep blue altar of Sif Muna.
 14946 | D:8      | Became a worshipper of Sif Muna the Loreminder
 15421 | D:9      | Found Xeytey's Book Shop.
 15428 | D:9      | Learned a level 3 spell: Passwall
 15488 | D:10     | Entered Level 10 of the Dungeon
 15488 | D:10     | Noticed Nergalle
 15510 | D:9      | Killed Nergalle
 15510 | D:9      | Reached skill level 1 in Fire Magic
 15510 | D:9      | Reached skill level 1 in Air Magic
 15510 | D:9      | Reached skill level 1 in Earth Magic
 15575 | D:10     | Reached skill level 1 in Poison Magic
 15686 | D:10     | Acquired Sif Muna's first power
 15813 | D:10     | Reached skill level 5 in Conjurations
 16020 | D:10     | Noticed Erolcha
 16025 | D:10     | Noticed a manticore
 16028 | D:10     | Noticed Harold
 16041 | D:10     | Killed Erolcha
 16042 | D:10     | Killed Harold
 16042 | D:10     | Acquired Sif Muna's second power
 16042 | D:10     | Reached XP level 11. HP: 64/66 MP: 15/34
 16045 | D:10     | Killed a manticore
 16067 | D:10     | Found a flagged portal.
 16102 | Bailey   | Entered a bailey
 16144 | Bailey   | Reached skill level 13 in Spellcasting
 16424 | D:9      | Learned a level 5 spell: Lightning Bolt
 16604 | D:9      | Found an ancient bone altar of Kikubaaqudgha.
 17682 | D:10     | Found a roughly hewn altar of Beogh.
 17694 | D:10     | Reached skill level 1 in Invocations
 18383 | D:10     | Reached skill level 1 in Transmutations
 18552 | D:11     | Reached skill level 1 in Charms
 19375 | D:11     | Noticed a hill giant
 19399 | D:10     | Killed a hill giant
 19564 | D:11     | Noticed a green very ugly thing
 19908 | D:10     | Found a staircase to the Lair.
 19939 | D:10     | Acquired Sif Muna's third power
 20176 | Lair:1   | Entered Level 1 of the Lair of Beasts
 20380 | Lair:1   | Reached XP level 12. HP: 49/72 MP: 18/35
 20666 | Lair:1   | Reached skill level 5 in Earth Magic
 20949 | Lair:1   | Got a twisted flail
 20950 | Lair:1   | Identified the cursed +3 flail of the Nexus {freeze, +Rage rC- rN+} (You found it on level 1 of the Lair of Beasts)
 20962 | Lair:1   | Found a glowing golden altar of the Shining One.
 21009 | Lair:1   | Got a pitted dire flail
 21010 | Lair:1   | Identified the +6 dire flail "Arbiter" {crush, Dex+5} (You found it on level 1 of the Lair of Beasts)
 21305 | Lair:1   | Found an opulent altar of Gozag.
 21635 | Lair:2   | Reached skill level 5 in Fire Magic
 21997 | Lair:2   | Found an iron altar of Okawaru.
 22340 | Lair:2   | Learned a level 5 spell: Ignite Poison
 22345 | Lair:2   | Learned a level 4 spell: Petrify
 22543 | Lair:3   | Noticed Maud
 24497 | Lair:3   | Found a staircase to the Snake Pit.
 24512 | Lair:3   | Reached skill level 5 in Air Magic
 24980 | Lair:3   | Noticed a catoblepas
 24990 | Lair:3   | Killed a catoblepas
 25004 | Lair:3   | Reached skill level 14 in Spellcasting
 25179 | Lair:3   | Noticed a seven-headed hydra
 25188 | Lair:3   | Killed a seven-headed hydra
 25305 | Lair:3   | Identified a -1 rod of clouds (10/10) (You found it on level 3 of the Lair of Beasts)
 25446 | Lair:4   | Noticed a five-headed hydra
 25454 | Lair:4   | Killed a five-headed hydra
 25769 | Lair:4   | Reached XP level 13. HP: 78/78 MP: 28/37
 26581 | Lair:4   | Noticed a six-headed hydra
 26598 | Lair:4   | Killed a six-headed hydra
 26851 | Lair:4   | Reached skill level 5 in Invocations
 27961 | Lair:5   | Received a gift from Sif Muna
 30674 | Lair:6   | Found a staircase to the Shoals.
 30969 | Lair:6   | Reached skill level 5 in Charms
 31462 | Lair:7   | Found a staircase to the Slime Pits.
 32310 | Lair:8   | Entered Level 8 of the Lair of Beasts
 32785 | Lair:7   | Reached skill level 15 in Spellcasting
 33831 | Lair:8   | Reached XP level 14. HP: 48/84 MP: 10/38
 34167 | Lair:8   | Reached skill level 5 in Translocations
 35360 | Lair:8   | Reached skill level 10 in Dodging
 36160 | Lair:8   | Received a gift from Sif Muna
 36165 | Lair:8   | Identified Sif Muna's Volume of Conjuration (Sif Muna gifted it to you on level 8 of the Lair of Beasts)
 36186 | Lair:8   | Learned a level 6 spell: Bolt of Fire
 37909 | D:11     | Noticed a skeletal warrior
 37922 | D:10     | Killed a green very ugly thing
 38109 | D:11     | Noticed a skeletal warrior
 38364 | D:11     | Noticed a skeletal warrior
 38365 | D:11     | Noticed a skeletal warrior
 38369 | D:10     | Killed a skeletal warrior
 38464 | D:10     | Killed a skeletal warrior
 38649 | D:11     | Killed a skeletal warrior
 38650 | D:11     | Killed a skeletal warrior
 39065 | D:12     | Found Treasofe's Magic Scroll Shop.
 39065 | D:12     | Found a staircase to the Orcish Mines.
 40257 | D:11     | Killed an unseen horror
 41523 | D:12     | Bought a scroll of blinking for 120 gold pieces
 41925 | Orc:1    | Entered Level 1 of the Orcish Mines
 42032 | Lair:2   | Learned a level 4 spell: Force Lance
 42393 | Orc:3    | Reached XP level 15. HP: 90/90 MP: 24/39
 42522 | Orc:4    | Entered Level 4 of the Orcish Mines
 43309 | Orc:3    | Found Ukutt's Food Shoppe.
 44172 | Orc:3    | Found a shimmering altar of Xom.
 44711 | Orc:3    | Noticed Nessos
 44720 | Orc:3    | Killed Nessos
 45332 | Orc:4    | Found a staircase to the Elven Halls.
 45788 | Orc:4    | Found Psuph's Antique Armour Shoppe.
 45945 | Orc:4    | Noticed Grum
 45948 | Orc:4    | Killed Grum
 46046 | Orc:4    | Received a gift from Sif Muna
 46048 | Orc:4    | Identified Lehudib's Almanac of Conjuration (Sif Muna gifted it to you on level 4 of the Orcish Mines)
 46286 | Lair:2   | Learned a level 5 spell: Fireball
 46291 | Lair:2   | Learned a level 2 spell: Swiftness
 46465 | Orc:4    | Found Gaidumoi's Jewellery Boutique.
 46489 | Orc:4    | Hit by a large rock thrown by a stone giant

Action                   |  1- 3 |  4- 6 |  7- 9 | 10-12 | 13-15 || total
-------------------------+-------+-------+-------+-------+-------++-------
Melee: Short sword       |     3 |       |       |       |       ||     3
       Dagger            |     8 |    15 |    67 |   468 |   459 ||  1017
       Staff             |       |       |       |       |    24 ||    24
 Cast: Magic Dart        |   103 |   125 |   441 |   480 |   211 ||  1360
       Call Imp          |     3 |       |    16 |     1 |       ||    20
       Conjure Flame     |     2 |     6 |    39 |    86 |    62 ||   195
       Mephitic Cloud    |     1 |     6 |    42 |    83 |    56 ||   188
       Repel Missiles    |       |     1 |     1 |       |       ||     2
       Blink             |       |     1 |     8 |    23 |    41 ||    73
       Lightning Bolt    |       |       |       |    45 |   158 ||   203
       Lee's Rapid Decon |       |       |       |    29 |   136 ||   165
       Ignite Poison     |       |       |       |    20 |   115 ||   135
       Passwall          |       |       |       |     3 |       ||     3
       Force Lance       |       |       |       |       |    28 ||    28
       Petrify           |       |       |       |       |     9 ||     9
       Fireball          |       |       |       |       |     2 ||     2
Invok: Channel Energy    |       |       |       |    49 |    35 ||    84
       Forget Spell      |       |       |       |       |     1 ||     1
Evoke: Wand              |       |       |     1 |     2 |     3 ||     6
  Use: Scroll            |     3 |     6 |     6 |    19 |     9 ||    43
       Potion            |       |     1 |     1 |     3 |     1 ||     6
 Stab: Confused          |     1 |     2 |     8 |    13 |    12 ||    36
       Sleeping          |       |       |     1 |     2 |     2 ||     5
       Petrifying        |       |       |       |       |     1 ||     1
       Distracted        |       |       |       |       |     1 ||     1
  Eat: Chunk             |     5 |     8 |    22 |    39 |    59 ||   133
       Fruit             |       |       |     2 |     6 |    12 ||    20
       Meat ration       |       |       |       |     1 |       ||     1
